Map: Torches LE

Players

Saoko

  • Race: Zerg Zerg
  • League: Diamond
  • Spawn Location: 1:00

SubN - Winner!

  • Race: Zerg Zerg
  • League: Diamond
  • Spawn Location: 5:00

VOD

Have the link to the VOD?

Description

Time

  • Played on: July 30, 2025, 4:08 p.m.
  • Length: 3:08
Show
View Real Time Build Order
Export as new Build Order

Saoko Zerg 

Build Orders: Pool First 

Get SALT Encoding   

  12  0:20  Spawning Pool  
  11  0:22  Drone  
  11  0:26  Drone  
  13  0:39  Overlord  
  13  0:41  Drone  
  14  1:07  Zergling x4  
  14  1:08  Zergling x2, Queen  
  19  1:18  Zergling x2  
  20  1:29  Zergling x2  
  21  1:39  Overlord  
  21  1:58  Zergling x2  
  22  2:04  Hatchery  
  22  2:08  Zergling x2  
  22  2:29  Overlord  
  21  2:43  Zergling x2  
  22  2:48  Zergling x2, Extractor  
  22  2:49  Zergling x4  
Show
View Real Time Build Order
Export as new Build Order

SubN Zerg - Winner!

Build Orders: Pool First 

Get SALT Encoding   

  12  0:00  Drone  
  13  0:11  Drone  
  13  0:13  Extractor  
  13  0:28  Spawning Pool  
  12  0:56  Hatchery  
  11  1:15  Queen  
  13  1:26  Metabolic Boost  
  13  1:36  Overlord  
  13  1:41  Zergling x2  
  14  1:55  Zergling x4  
  16  2:01  Zergling x2  
  18  2:15  Zergling x4  
  19  2:23  Zergling x4  
  19  2:28  Zergling x6  
  24  2:33  Zergling x2  
  25  2:42  Overlord  
Tags
 
Matchup
ZvZ
Race
Zerg
Replay Pack
Multiplayer
Spawn Locations
Close Positions
Add a new tag
Caveats
  • Supply blocks, unpowered buildings, or Contaminate may cause inaccurate times.
  • Supply counts are checked every 10 seconds.